 Dungeon Crawl Stone Soup version 0.26-a0-812-g31a745ddcd (webtiles) character file.

Game seed: 17456031920019790789

452 muata the Sneak (level 6, -2/39 HPs)
             Began as a Vampire Brigand on Nov 13, 2020.
             Was an Initiate of Trog.
             Killed from afar by an orc wizard (8 damage)
             ... with a magic dart
             ... on level 3 of the Dungeon.
             The game lasted 00:20:13 (2950 turns).

muata the Sneak (Vampire Brigand)                   Turns: 2950, Time: 00:20:13

Health: -2/39      AC:  0    Str:  8 (10) XL:     6   Next: 75%
Magic:  5/6        EV: 24    Int: 12 (14) God:    Trog [......]
Gold:   117        SH:  0    Dex: 20 (22) Spells: 5/5 levels left

rFire    . . .     SeeInvis +   (weapon currently unavailable)
rCold    + + .     Faith    .   (shield currently unavailable)
rNeg     + + +     Spirit   .   (armour currently unavailable)
rPois    ∞         Reflect  .   (helmet currently unavailable)
rElec    .         Harm     .   (cloak currently unavailable)
rCorr    .         Rampage  .   (gloves currently unavailable)
MR       .....                  (boots currently unavailable)
Stlth    ++++++....             (no amulet)
HPRegen  0.00/turn              (ring currently unavailable)
MPRegen  0.10/turn              (ring currently unavailable)

@: bat-form, flying, bloodless, very quick
A: tiny, fangs 3, see invisible
a: Revivify, End Transformation, Renounce Religion


You were on level 3 of the Dungeon.
You worshipped Trog.
Trog was noncommittal.
You were in vampire-bat-form.
You visited 1 branch of the dungeon, and saw 3 of its levels.

You collected 117 gold pieces.

Inventory:

Hand Weapons
 a - a +2 dagger (melded)
Missiles
 d - 7 poisoned darts
 e - 2 curare-tipped darts
 n - 169 stones (quivered)
Armour
 b - a +0 robe (melded)
 c - a +0 cloak (melded)
Wands
 p - a wand of flame (14)
 r - a wand of random effects (22)
Scrolls
 f - a scroll of random uselessness {unknown}
 g - a scroll of teleportation {unknown}
 h - 4 scrolls of identify {unknown}
 l - 5 scrolls of remove curse {unknown}
 o - a scroll of enchant weapon {unknown}
 q - a scroll of blinking {unknown}
 t - a scroll of noise {unknown}
 u - a scroll of enchant armour {unknown}
Potions
 i - 2 potions of haste {unknown}
 j - a potion of brilliance {unknown}
 k - a potion of mutation {unknown}
 m - a potion of heal wounds {unknown}
 s - 3 potions of curing


   Skills:
 + Level 4.5 Fighting
 - Level 2.1 Short Blades
 - Level 1.5 Throwing
 + Level 5.1 Dodging
 - Level 7.0 Stealth


You had 5 spell levels left.
You didn't know any spells.
Your spell library was empty.

Dungeon Overview and Level Annotations

Branches:
Dungeon (3/15)

Altars:
Trog
Zin


Innate Abilities, Weirdness & Mutations

You do not regenerate when monsters are visible.
You are frail without blood (-20% HP).
You can heal yourself when you bite living creatures.
You are immune to poison.
You have razor-sharp teeth.
You have supernaturally acute eyesight. (SInv)
((You can survive without breathing.))


Message History

The orc wizard closely misses you.
You hit the orc wizard but do no damage.
The orc wizard is heavily wounded.
The orc wizard hits you with a +0 dagger of protection.
You hit the orc wizard but do no damage.
The orc wizard is heavily wounded.
The orc wizard hits you with a +0 dagger of protection.
* * * LOW HITPOINT WARNING * * *
You hit the orc wizard but do no damage.
The orc wizard is heavily wounded.
The orc wizard hits you with a +0 dagger of protection.
* * * LOW HITPOINT WARNING * * *
You turn into a vampire bat.
Your +2 dagger melds into your body.
Your +0 cloak melds into your body.
Your +0 robe melds into your body.
You feel weakened.
You feel dopey.
You feel clumsy. The orc wizard misses you.
You see here a trident.
The orc wizard casts a spell at you. The magic dart hits you!
You die...

..........###....##......# ##.
#.........# #.#####......# #..
#...####### #.......###### #.#
#...# #.####### #.# #...# #.#
##### #.# #(..# #.# ###...### #.#
#...# #.# #.o.#...#######.#
##.##########.###...#...........#
.......)((..†...b.#####.#########
...##.#..#####.##...#...#
...##.#..#####<##)#.#.#.#
.K..........##.##.#...#.#
#.###.#.K##.##.##.......#
......#..# ##.##########
........... ..# ...#######.. .##
.#.# ....


You could see an orc wizard (invisible).

Vanquished Creatures
  Sigmund (D:2)
  A hound (D:3)
  A centaur skeleton (D:3)
  Jessica (D:2)
  Natasha (thrice) (D:2)
  2 adders (D:2)
  3 oozes
  6 worms
  2 dart slugs (D:1)
  3 orcs
  5 giant cockroaches
  13 hobgoblins
  7 jackals
  11 kobolds
  A quokka (D:2)
  A ball python (D:1)
  4 bats
  9 frilled lizards
  7 goblins
  11 rats
92 creatures vanquished.

Notes
Turn   | Place    | Note
-------+----------+-------------------------------------------
     0 | D:1      | muata the Vampire Brigand began the quest for the Orb.
     0 | D:1      | Reached XP level 1. HP: 16/16 MP: 1/1
    56 | D:1      | Reached skill level 6 in Stealth
   137 | D:1      | Reached XP level 2. HP: 22/22 MP: 2/2
   330 | D:1      | Reached XP level 3. HP: 25/27 MP: 3/3
   904 | D:2      | Noticed Natasha
   915 | D:2      | Killed Natasha
   915 | D:2      | Reached XP level 4. HP: 3/34 MP: 4/4
  1253 | D:2      | Reached skill level 7 in Stealth
  1339 | D:2      | Noticed Natasha
  1347 | D:2      | Killed Natasha
  1529 | D:2      | Reached XP level 5. HP: 41/41 MP: 5/5
  1716 | D:2      | Noticed Jessica
  1735 | D:2      | Noticed Sigmund
  1758 | D:2      | Killed Sigmund
  1758 | D:2      | Reached XP level 6. HP: 21/48 MP: 6/6
  1814 | D:2      | Killed Jessica
  1952 | D:2      | Noticed Natasha
  1971 | D:2      | Killed Natasha
  2114 | D:2      | Found a bloodstained altar of Trog.
  2120 | D:2      | Became a worshipper of Trog the Wrathful
  2341 | D:3      | Found a glowing silver altar of Zin.
  2569 | D:3      | Reached skill level 5 in Dodging
  2950 | D:3      | Killed from afar by an orc wizard

Illustrated notes

Levels and vault maps discovered:
D:1:      dpeg_arrival_rooms_b, layout_basic
D:2:      layout_basic, bloody_trog, hangedman_decor_points, uniq_natasha,
          uniq_jessica, uniq_sigmund
D:3:      layout_loops_cross, zin_statuary

Skill      XL: |  1  2  3  4  5  6 |
---------------+-------------------+-----
Stealth        | 6 7 |  7.0
Fighting       | 2 3 4 |  4.5
Dodging        | 2 3 4 5 |  5.1
Short Blades   | |  2.1
Throwing       | |  1.5

Action                   |  1- 3 |  4- 6 || total
-------------------------+-------+-------++-------
Melee: Dagger            |   118 |   215 ||   333
       Bite              |     5 |    26 ||    31
Throw: Stone             |       |    28 ||    28
       Dart              |       |    14 ||    14
 Abil: Bat Form          |       |     1 ||     1
       Exsanguinate      |       |     1 ||     1
 Stab: Sleeping          |    10 |    11 ||    21
Armor: Robe              |    19 |    22 ||    41
Dodge: Dodged            |    86 |   133 ||   219

Table legend: (Time is in decaauts)
 A = Elapsed time spent in this place.
 B = Non-inter-level travel time spent in this place.
 C = Inter-level travel time spent in this place.
 D = Time resting spent in this place.
 E = Time spent auto-exploring this place.
 F = Levels seen in this place.
 G = Mean time per level.
                   A        B        C        D        E       F      G
               +--------+--------+--------+--------+--------+-----+--------+
         Total |   2918 |   2773 |    145 |    407 |   1226 |   3 |  972.7 |
       Dungeon |   2918 |   2773 |    145 |    407 |   1226 |   3 |  972.7 |
               +--------+--------+--------+--------+--------+-----+--------+

Top non-repeatable levels by time:
     D:2: 1385 daAuts
     D:1: 884 daAuts
     D:3: 648 daAuts
